cohdb
Replays
Latest Replays
All Replays
Popular Replays
Top Player Replays
Match Explorer
How It Works
Community
CoH3 Stats
Reddit
Sign in to upload your games and track your stats! →
Sign in with Steam
Match 41009225
Unlisted
Match 41009225
Overview
Messages
Build Orders
End
Construct Infanterie Kompanie
Kettenkrad Recon Vehicle
MG 42 Machine Gun Team
Selects Terror Battlegroup
Selects Machine Gun Camouflage
MG 42 Machine Gun Team
Grenadier Squad
Grenadier Squad
Construct Panzergrenadier Kompanie
Selects Contempt for the Weak
251 Medium Carrier
Panzergrenadier Squad
Pak 40 Anti-tank Gun Team
Support Elements
StuG III G Assault Gun
Nebelwerfer 42 Rocket Launcher Team
Panzergrenadier Officer Quarters
Side Skirts
StuG III G Assault Gun
Pioneer Squad
Selects No Quarter
Selects Propaganda Leaflet Drop
Pak 40 Anti-tank Gun Team
Grenadier Squad
Propaganda Leaflet Drop
Panzergrenadier Squad
Panzergrenadier Squad
Selects King Tiger Heavy Tank
Propaganda Leaflet Drop
King Tiger Heavy Tank
StuG III G Assault Gun
Pioneer Squad
Pioneer Squad
Tenshi
2ND PANZERWAIFU DIVISION
W
NotQuiteAKing
0
0
Comments
sign in to comment!
No comments posted yet!